 Dungeon Crawl Stone Soup version 0.29-a0-914-g906f1d757c (webtiles) character file.

Game seed: 8485017620795796106

389 Mesmaeker13 the Caller (level 6, -3/32 HPs)
             Began as a Tengu Summoner on July 26, 2022.
             Was an Initiate of Cheibriados.
             Slain by a kobold brigand
             ... wielding a +0 long sword
              (8 damage)
             ... on level 5 of the Dungeon.
             The game lasted 00:08:57 (6173 turns).

Mesmaeker13 the Caller (Tengu Summoner)             Turns: 6173, Time: 00:08:58

Health: -3/32      AC:  2    Str:  9    XL:     6   Next: 79%
Magic:  5/13       EV: 17    Int: 18    God:    Cheibriados [......]
Gold:   166        SH:  0    Dex: 16    Spells: 4/13 levels left

rFire   . . .      SeeInvis .   h - +0 spear
rCold   . . .      Faith    .   (no shield)
rNeg    . . .      Spirit   .   a - +0 robe
rPois   .          Reflect  .   (helmet restricted)
rElec   .          Harm     .   (no cloak)
rCorr   .          Rampage  .   (no gloves)
Will    .....                   (boots unavailable)
Stlth   ++........              (no amulet)
HPRegen 0.10/turn               (no ring)
MPRegen 0.13/turn               (no ring)

@: flying quickly and evasively, slowed, very slow
A: beak, talons 3, nimble flight
a: Renounce Religion


You were on level 5 of the Dungeon.
You worshipped Cheibriados.
Cheibriados was noncommittal.
You visited 1 branch of the dungeon, and saw 5 of its levels.

You collected 166 gold pieces.

Inventory:

Hand Weapons
 h - a +0 spear (weapon)
 x - a +0 trident
Missiles
 e - 6 poisoned darts (quivered)
Armour
 a - a +0 robe (worn)
 f - a +3 ring mail
Jewellery
 d - a ring of fire
 z - a ring of fire
Wands
 w - a wand of polymorph (9)
Scrolls
 g - a scroll of magic mapping
 i - 2 scrolls of immolation {unknown}
 l - a scroll of fog {unknown}
 o - 2 scrolls of blinking
 p - 2 scrolls of fear {unknown}
 r - a scroll of enchant weapon {unknown}
 s - a scroll of poison
 t - a scroll of noise {unknown}
 y - a scroll of amnesia {unknown}
 A - a scroll of teleportation {unknown}
Potions
 b - a potion of magic
 c - 2 potions of haste
 j - a potion of ambrosia {unknown}
 k - a potion of cancellation
 n - 2 potions of attraction
 q - a potion of berserk rage {unknown}
 u - a potion of heal wounds
 v - a potion of might {unknown}
 B - a potion of lignification {unknown}
 C - a potion of flight {unknown}
 D - a potion of degeneration {unknown}
 E - a potion of resistance {unknown}


   Skills:
 + Level 4.8 Dodging
 - Level 2.0 Stealth
 + Level 4.0 Spellcasting
 + Level 0.0 Hexes
 + Level 6.7 Summonings


You had 4 spell levels left.
You knew the following spells:

 Your Spells              Type           Power      Damage    Failure   Level
a - Summon Small Mammal   Summ           100%       N/A       1%          1
b - Call Imp              Summ           27%        N/A       1%          2
c - Call Canine Familiar  Summ           27%        N/A       2%          3
d - Summon Guardian Gole  Hex/Summ       15%        N/A       11%         3

Your spell library contained the following spells:

 Spells                   Type           Power      Damage    Failure   Level
 Summon Lightning Spire   Summ/Air       15%        N/A       36%         4
 Dazzling Flash           Conj/Hex       6%         N/A       41%         3
 Inner Flame              Hex/Fire       3%         N/A       41%         3
 Cause Fear               Hex            1%         N/A       82%         4
 Iskenderun's Mystic Bla  Conj/Tloc      3%         2d3       82%         4
 Starburst                Conj/Fire      1%         6d3       100%        6
 Discord                  Hex            1%         N/A       100%        8


Dungeon Overview and Level Annotations

Branches:
Dungeon (5/15)
 Temple: D:4-7

Altars:
Cheibriados
Dithmenos
Kikubaaqudgha
Okawaru
Uskayaw


Innate Abilities, Weirdness & Mutations

You have a beak for a mouth.
You have claws for feet.
Your magical nature lets you fly swiftly and evasively.


Message History

Your hound bites the kobold brigand but does no damage.
Your hound bites the kobold brigand.
The kobold hits your hound with a +0 short sword.
The kobold brigand closely misses you.
You hit the kobold brigand but do no damage.
Your kick misses the kobold brigand.
The kobold brigand is moderately wounded.
You feel sick.
You are no longer poisoned.
Your hound closely misses the kobold brigand.
The kobold misses your hound. The kobold brigand misses you.
Your hound bites the kobold brigand but does no damage.
The kobold completely misses you.
The kobold hits your hound with a +0 short sword.
The kobold brigand hits you with a +0 long sword!
* * * LOW HITPOINT WARNING * * *
Your hound bites the kobold brigand but does no damage.
You hit the kobold brigand but do no damage.
You claw the kobold brigand.
The kobold brigand is moderately wounded.
Your hound misses the kobold brigand. The kobold closely misses your hound.
The kobold brigand misses you. The kobold barely misses you.
Your hound closely misses the kobold brigand.
The kobold barely misses you. The kobold misses your hound.
The kobold brigand closely misses you.
Your hound misses the kobold brigand.
You hit the kobold brigand but do no damage.
The kobold brigand is moderately wounded.
Your hound closely misses the kobold brigand.
The kobold hits your hound with a +0 short sword.
The kobold hits you with a +0 dagger.
* * * LOW HITPOINT WARNING * * *
The kobold brigand completely misses you.
Your hound barely misses the kobold brigand.
You barely miss the kobold brigand. You claw the kobold brigand.
You peck the kobold brigand.
The kobold brigand is heavily wounded.
Your hound closely misses the kobold brigand.
The kobold closely misses your hound.
The kobold brigand hits you with a +0 long sword!
You die...

....#.#.#.........#....)# #.
....#...#.######..#.....# ..
..................#.....#
...............#..#...###
.....>............#.####.........
###...........###.#. #.........
#...............# # ##.........
#............#### #.##........#
#######....#.#@K#§..KK........#
####'#..#K)5#.#..........
#......h.)....K........
#.......K.......<......
#..............5o..)..>
#......................
#..............§######.
###########....o #.#...


You could see a kobold brigand (ally target), 2 kobolds, a friendly hound
(summoned) and a friendly crimson imp (summoned).

Vanquished Creatures
  An ogre (D:5)
  A scorpion (D:5)
  A hound (D:3)
  2 adders
  A white imp (D:4)
  2 worms
  2 dart slugs
  3 orcs
  10 ball pythons
  4 bats
  7 endoplasms
  A giant cockroach (D:1)
  10 hobgoblins
  2 jackals (D:1)
  3 quokkas
  2 frilled lizards (D:1)
  10 goblins
  5 kobolds
  4 rats
71 creatures vanquished.

Vanquished Creatures (collateral kills)
  Robin (D:2)
  A gnoll (D:1)
  3 adders
  A worm (D:2)
  5 orcs
  6 ball pythons
  2 endoplasms
  7 goblins
  6 hobgoblins
  4 kobolds
36 creatures vanquished.

Vanquished Creatures (others)
  4 plants
4 creatures vanquished.

Grand Total: 111 creatures vanquished

Notes
Turn   | Place    | Note
-------+----------+-------------------------------------------
     0 | D:1      | Mesmaeker13 the Tengu Summoner began the quest for the Orb.
     0 | D:1      | Reached XP level 1. HP: 10/10 MP: 4/4
   249 | D:1      | Reached skill level 5 in Summonings
   253 | D:1      | Reached XP level 2. HP: 5/15 MP: 6/6
   777 | D:1      | Reached XP level 3. HP: 10/19 MP: 5/7
  2213 | D:2      | Learned a level 2 spell: Call Imp
  2270 | D:2      | Reached XP level 4. HP: 20/24 MP: 6/9
  2989 | D:2      | Noticed Robin
  3002 | D:2      | Killed Robin
  3003 | D:2      | Gained mutation: Your magical nature lets you fly swiftly
                  | and evasively. [Tengu growth]
  3003 | D:2      | Reached XP level 5. HP: 28/28 MP: 5/10
  3141 | D:2      | Found a faded altar of an unknown god.
  3278 | D:3      | Learned a level 3 spell: Call Canine Familiar
  3300 | D:3      | Found a shadowy altar of Dithmenos.
  3496 | D:3      | Reached skill level 6 in Summonings
  4278 | D:3      | Found an ancient bone altar of Kikubaaqudgha.
  4983 | D:4      | Found a hide-covered altar of Uskayaw.
  5246 | D:4      | Reached XP level 6. HP: 32/32 MP: 12/12
  5262 | D:4      | Found a snail-covered altar of Cheibriados.
  5269 | D:4      | Found an iron altar of Okawaru.
  5276 | D:4      | Became a worshipper of Cheibriados the Contemplative
  5406 | D:5      | Entered Level 5 of the Dungeon
  5434 | D:5      | HP: 1/32 [orc priest/nerve-wracking pain (3)]
  6102 | D:5      | Learned a level 3 spell: Summon Guardian Golem
  6173 | D:5      | Slain by a kobold brigand

Illustrated notes

Levels and vault maps discovered:
D:1:      evilmike_arrival_fibonacci_small, layout_basic, serial_forest,
          infiniplex_forest_corner_2, infiniplex_forest_lined_4_way,
          infiniplex_forest_pool, infiniplex_forest_split,
          infiniplex_forest_zigzag_1, infiniplex_forest_lined_3,
          infiniplex_forest_lined_3_way, minmay_crystal_room, st_stairs_8,
          minmay_tromino_i2
D:2:      layout_rooms, chequers_ecumenical_altar_simple,
          minmay_shallow_snake_nest, uniq_robin
D:3:      corexii_shack_village, layout_basic, mainiacjoe_overflow_catwalk,
          grunt_dithmenos_smoke, nicolae_figureground_sparkle
D:4:      layout_basic, mainiacjoe_overflow_paths, minitemple,
          kennysheep_generic_room_3
D:5:      layout_basic

Skill      XL: |  1  2  3  4  5  6 |
---------------+-------------------+-----
Summonings     | 5 6 |  6.7
Dodging        | 3 4 |  4.8
Spellcasting   | 3 4 |  4.0
Stealth        | |  2.0

Action                   |  1- 3 |  4- 6 || total
-------------------------+-------+-------++-------
Melee: Unarmed           |    12 |       ||    12
       Kick              |    26 |    26 ||    52
       Spear             |   102 |   143 ||   245
       Peck              |    17 |    16 ||    33
       Punch             |     2 |       ||     2
Throw: Dart              |     4 |     3 ||     7
 Cast: Summon Small Mamm |    19 |    10 ||    29
       Call Imp          |     1 |    26 ||    27
       Call Canine Famil |       |    10 ||    10
  Use: Scroll            |       |     6 ||     6
       Potion            |       |     4 ||     4
 Stab: Sleeping          |     4 |     9 ||    13
       Distracted        |       |     1 ||     1
Armor: Robe              |     6 |     2 ||     8
Dodge: Dodged            |    46 |    84 ||   130

Table legend: (Time is in decaauts)
 A = Elapsed time spent in this place.
 B = Non-inter-level travel time spent in this place.
 C = Inter-level travel time spent in this place.
 D = Time resting spent in this place.
 E = Time spent auto-exploring this place.
 F = Levels seen in this place.
 G = Mean time per level.
                   A        B        C        D        E       F      G
               +--------+--------+--------+--------+--------+-----+--------+
         Total |   6122 |   5837 |    285 |   1498 |   3271 |   5 | 1224.4 |
       Dungeon |   6122 |   5837 |    285 |   1498 |   3271 |   5 | 1224.4 |
               +--------+--------+--------+--------+--------+-----+--------+

Top non-repeatable levels by time:
     D:1: 2204 daAuts
     D:4: 1305 daAuts
     D:3: 1127 daAuts
     D:2: 1061 daAuts
     D:5: 424 daAuts
